 Dungeon Crawl Stone Soup version 0.29-a0-330-g52719c12eb (webtiles) character file.

Game seed: 14712162218818161546

775 kae the Firebug (level 7, -3/67 HPs)
             Began as an Octopode Fire Elementalist on Apr 18, 2022.
             Slain by an orc
             ... wielding a +0 trident
              (6 damage)
             ... on level 5 of the Dungeon.
             The game lasted 00:04:09 (6942 turns).

kae the Firebug (Octopode Fire Elementalist)        Turns: 6942, Time: 00:04:09

Health: -3/67      AC: 23    Str:  7    XL:     7   Next: 84%
Magic:  0/11       EV:  2    Int: 20    God:
Gold:   182        SH:  4    Dex: 12    Spells: 6/12 levels left

rFire   + . .      SeeInvis .   n - staff of fire
rCold   . . .      Faith    .   r - +0 buckler
rNeg    . . .      Spirit   +   (helmet currently unavailable)
rPois   +          Reflect  .   j - amulet of guardian spirit
rElec   .          Harm     .   (no ring)
rCorr   .          Rampage  .   (no ring)
Will    .....      NoTele   +   (no ring)
Stlth   +++.......              (no ring)
HPRegen 0.21/turn               (no ring)
MPRegen 0.12/turn               (no ring)
                                (no ring)
                                (no ring)

@: tree-form
A: stationary, stasis, torment immunity, boosted hp, almost no armour,
(amphibious), 8 rings, (camouflage 1), (gelatinous body 1), (nimble swimmer 1),
(tentacles)
a: no special abilities


You were on level 5 of the Dungeon.
You were a tree.
You visited 1 branch of the dungeon, and saw 5 of its levels.

You collected 182 gold pieces.

Inventory:

Hand Weapons
 c - a +0 hand axe
 k - a +0 dagger of freezing
Missiles
 s - a throwing net
Armour
 r - a +0 buckler (worn)
Magical Staves
 n - a staff of fire (weapon)
Jewellery
 j - an amulet of guardian spirit (around neck)
Wands
 q - a wand of iceblast (12)
Scrolls
 i - 3 scrolls of vulnerability
 p - a scroll of amnesia
 v - a scroll of brand weapon
Potions
 b - a potion of lignification
 d - 3 potions of haste
 f - a potion of brilliance
 g - 2 potions of mutation
 m - 2 potions of might


   Skills:
 + Level 2.7 Fighting
 + Level 3.7 Dodging
 + Level 5.0 Stealth
 + Level 1.6 Shields
 + Level 3.2 Spellcasting
 + Level 3.0 Conjurations
 * Level 5.3 Fire Magic


You had 6 spell levels left.
You knew the following spells:

 Your Spells              Type           Power      Damage    Failure   Level
a - Foxfire               Conj/Fire      100%       2x1d9     3%          1
b - Scorch                Fire           72%        2d9       3%          2
c - Conjure Flame         Conj/Fire      30%        6-21      10%         3

Your spell library contained the following spells:

 Spells                   Type           Power      Damage    Failure   Level
 Sandblast                Erth           6%         2d5       19%         1
 Slow                     Hex            12%        N/A       19%         1
 Inner Flame              Hex/Fire       20%        N/A       19%         3
 Blink                    Tloc           6%         N/A       28%         2
 Ensorcelled Hibernation  Hex/Ice        6%         N/A       28%         2
 Passwall                 Tmut/Erth      2%         N/A       28%         2
 Stone Arrow              Conj/Erth      18%        3d8       28%         3
 Flame Wave               Conj/Fire      30%        2d8       32%         4
 Confusing Touch          Hex            3%         N/A       50%         3
 Lesser Beckoning         Tloc           3%         N/A       50%         3
 Swiftness                Air            3%         N/A       50%         3
 Vampiric Draining        Necr           3%         2d6       50%         3
 Manifold Assault         Tloc           3%         N/A       99%         5


Dungeon Overview and Level Annotations

Branches:
Dungeon (5/15)             Temple (0/1) D:5

Altars:
Gozag
Nemelex Xobeh
Uskayaw

Shops:
D:5 (

Annotations:
D:2 Terence


Innate Abilities, Weirdness & Mutations

You are a tree.
Your roots penetrate the ground, keeping you stationary.
You cannot be teleported.
You are immune to unholy pain and torment.
Your maximum health is greatly increased.
You cannot wear most types of armour.
((You are amphibious.))
You can wear up to eight rings at the same time.
((Your skin changes colour to match your surroundings (Stealth+).))
((Your rubbery body absorbs attacks. (AC +1, EV +1)))
((You are camouflaged when in or above water. (Stealth+)))
((You have tentacles for arms and can constrict up to eight enemies at once.))


Message History

You flicker back into view.
You feel less confused. Something hits you. The orc completely misses you.
You feel less attractive to monsters.
It was a potion of curing.
You feel better. You block something's attack. The orc closely misses you.
The orc hits you from afar with a +0 trident!
* * * LOW HITPOINT WARNING * * *
The orc hits you from afar with a +0 trident!
* * * LOW HITPOINT WARNING * * *
There is an open door here.
A magic dart appears from out of thin air!
The magic dart hits you.
* * * LOW HITPOINT WARNING * * *
Okay, then.
Really quaff the potion of lignification?
You turn into a tree.
Your roots penetrate the ground.
You block the orc's attack.
Casting: Scorch (safe; 3% risk of failure)
Confirm with . or Enter, or press ? or * to list all spells.
You don't have enough magic to cast this spell.
Okay, then.
You barely miss something. Something hits you but does no damage.
The orc hits you but does no damage.
You hit something. Your punch misses something.
Something hits you but does no damage. The orc hits you but does no damage.
You barely miss something. Something hits you but does no damage.
The orc hits you but does no damage.
You closely miss something.
You hear some strange, mumbled words.
Something tries to affect you, but you resist.
The orc hits you but does no damage.
You miss something. You block something's attack.
The orc hits you but does no damage. Something hits you but does no damage.
The orc hits you but does no damage.
You hit something.
An orc wizard appears from thin air!
Reactivating autopickup.
The orc wizard gestures at you while chanting.
You resist with some effort.
The orc hits you from afar with a +0 trident!
You die...

#.##............)#..#
#.##.............#..##
#.##.............#.... #
#.##......######.#(###
##.)#.###)##......######.#<#..
.....))†.)).......'......)....
o...#.###)##o.....######.....#
# .. #.###o##### ####### #..
#.# #♣# #...... #. #.# #.#
#.##### .. #.# #.# #.# . #.#
#.# ###'#### ..# #.# #......#
#.# #......# #.# ###....## #..
#♣♣♣##..... ♣...♣######


You could see an orc wizard and an orc.

Vanquished Creatures
  Menkaure (D:4)
  A phantom (D:5)
  2 necrophages (D:5)
  2 orc priests
  A gnoll shaman (D:3)
  Jessica (D:2)
  2 iguanas
  An orc wizard (D:4)
  Robin (D:2)
  16 gnolls
  2 worms
  2 dart slugs
  9 orcs
  5 ball pythons
  7 bats
  11 endoplasms
  4 giant cockroaches
  7 hobgoblins
  7 jackals
  5 frilled lizards
  15 goblins
  3 rats
105 creatures vanquished.

Vanquished Creatures (others)
  239 foxfires
  6 fungi (D:2)
  7 plants (D:2)
252 creatures vanquished.

Grand Total: 357 creatures vanquished

Notes
Turn   | Place    | Note
-------+----------+-------------------------------------------
     0 | D:1      | kae the Octopode Fire Elementalist began the quest for the
                  | Orb.
     0 | D:1      | Reached XP level 1. HP: 11/11 MP: 3/3
   400 | D:1      | Reached XP level 2. HP: 18/18 MP: 5/5
  1337 | D:2      | Reached XP level 3. HP: 12/22 MP: 0/6
  1538 | D:2      | Learned a level 2 spell: Scorch
  1542 | D:2      | Learned a level 3 spell: Conjure Flame
  1548 | D:2      | Noticed Terence
  1589 | D:2      | Noticed Jessica
  1593 | D:2      | Killed Jessica
  1594 | D:2      | Reached skill level 1 in Fighting
  1594 | D:2      | Reached XP level 4. HP: 28/28 MP: 4/7
  3033 | D:2      | Found a faded altar of an unknown god.
  3292 | D:2      | Reached XP level 5. HP: 12/33 MP: 0/8
  3670 | D:3      | Noticed Robin
  3698 | D:2      | Killed Robin
  4542 | D:3      | Reached XP level 6. HP: 39/39 MP: 2/10
  4891 | D:3      | Found a hide-covered altar of Uskayaw.
  5392 | D:4      | Found an opulent altar of Gozag.
  5503 | D:4      | Noticed Menkaure
  5506 | D:4      | Killed Menkaure
  6014 | D:4      | Found a sparkling altar of Nemelex Xobeh.
  6040 | D:5      | Entered Level 5 of the Dungeon
  6054 | D:4      | Reached XP level 7. HP: 38/45 MP: 0/11
  6148 | D:5      | Reached skill level 1 in Shields
  6324 | D:5      | Reached skill level 5 in Fire Magic
  6626 | D:5      | Found Ajuper's Antique Weapon Boutique.
  6704 | D:5      | Found a staircase to the Ecumenical Temple.
  6913 | D:5      | Reached skill level 5 in Stealth
  6935 | D:5      | HP: 1/45 [something/magic dart (6)]
  6942 | D:5      | Slain by an orc

Illustrated notes

Levels and vault maps discovered:
D:1:      eino_arrival_cavern_e, layout_loops_ring
D:2:      layout_loops_ring, dreamdust_ecumenical_altar_hidden_monk_grotto,
          bh_walls_and_bars, uniq_jessica, uniq_terence
D:3:      layout_loops_ring, nicolae_uskayaw_suspiria, minmay_misc_feat_doors,
          uniq_robin
D:4:      layout_loops_ring, grunt_gozag_breadcrumbs,
          nemelex_diamond_rough_becter, hangedman_decor_clover_reticule,
          kennysheep_generic_room_4, uniq_menkaure
D:5:      layout_basic, minmay_temple_entry_enclosed_plants, serial_shops,
          nicolae_shop_hallway_stairs

Skill      XL: |  1  2  3  4  5  6  7 |
---------------+----------------------+-----
Stealth        | 3 4 5 |  5.0
Fighting       | 1 2 |  2.7
Fire Magic     | 4 5 |  5.3
Conjurations   | 2 3 |  3.0
Dodging        | 3 |  3.7
Spellcasting   | 3 |  3.2
Shields        | 1 |  1.6

Action                   |  1- 3 |  4- 6 |  7- 9 || total
-------------------------+-------+-------+-------++-------
Melee: Hand axe          |    18 |    19 |       ||    37
       Tentacles         |     4 |     4 |     9 ||    17
       Unarmed           |     1 |       |       ||     1
       Constrict         |     1 |     6 |     6 ||    13
       Staff             |       |     1 |    33 ||    34
 Cast: Foxfire           |    42 |    91 |    17 ||   150
       Scorch            |       |    32 |    11 ||    43
       Conjure Flame     |       |     1 |     1 ||     2
Evoke: Wand              |       |       |     1 ||     1
  Use: Scroll            |     3 |     8 |     1 ||    12
       Potion            |       |       |     8 ||     8
 Stab: Sleeping          |     2 |     1 |       ||     3
Armor: Skin              |     3 |     2 |    16 ||    21
Dodge: Dodged            |    23 |    48 |    42 ||   113
Block: Buckler           |       |     1 |    16 ||    17

Table legend: (Time is in decaauts)
 A = Elapsed time spent in this place.
 B = Non-inter-level travel time spent in this place.
 C = Inter-level travel time spent in this place.
 D = Time resting spent in this place.
 E = Time spent auto-exploring this place.
 F = Levels seen in this place.
 G = Mean time per level.
                   A        B        C        D        E       F      G
               +--------+--------+--------+--------+--------+-----+--------+
         Total |   6969 |   6805 |    164 |    938 |   4907 |   5 | 1393.8 |
       Dungeon |   6969 |   6805 |    164 |    938 |   4907 |   5 | 1393.8 |
               +--------+--------+--------+--------+--------+-----+--------+

Top non-repeatable levels by time:
     D:2: 2467 daAuts
     D:3: 1362 daAuts
     D:1: 1316 daAuts
     D:4: 1136 daAuts
     D:5: 685 daAuts
